 Dungeon Crawl Stone Soup version 0.24.0-2-g5b39cebb1c (webtiles) character file.

Game seed: 4022713588061507742, levelgen mode: deterministic

46 Mrkan the Ruffian (level 3, -6/36 HPs)
             Began as a Troll Monk on Oct 29, 2019.
             Was a Believer of Qazlal.
             Mangled by Crazy Yiuf
             ... wielding a +3 quarterstaff of chaos
              (13 damage)
             ... on level 2 of the Dungeon.
             The game lasted 00:02:22 (964 turns).

Mrkan the Ruffian (Troll Monk)                       Turns: 964, Time: 00:02:23

Health: -6/36      AC:  6    Str: 20    XL:     3   Next: 46%
Magic:  2/2        EV: 10    Int:  6    God:    Qazlal [**....]
Gold:   92         SH:  2    Dex: 12    Spells: 2/2 levels left

rFire    . . .     SeeInvis .     - Unarmed
rCold    . . .     Gourm    +   (no shield)
rNeg     . . .     Faith    .   a - +0 robe
rPois    .         Spirit   .   (helmet restricted)
rElec    .         Reflect  .   (no cloak)
rCorr    .         Harm     .   (gloves unavailable)
MR       .....                  (boots unavailable)
Stlth    +.........             (no amulet)
HPRegen  0.52/turn              (no ring)
MPRegen  0.08/turn              (no ring)

@: lethally poisoned (-6 -> -11)
A: large, unfitting armour, claws 3, fast metabolism 3, gourmand, regeneration
1, shaggy fur 1, tough skin 3
a: Upheaval, Renounce Religion


You were on level 2 of the Dungeon.
You worshipped Qazlal.
Qazlal was pleased with you.
You were completely stuffed.

You visited 1 branch of the dungeon, and saw 2 of its levels.

You collected 92 gold pieces.

Inventory:

Armour
 a - a +0 robe (worn)
Scrolls
 c - 2 scrolls of teleportation {unknown}
 d - a scroll of identify {unknown}
 f - 2 scrolls of remove curse {unknown}
 h - a scroll of amnesia {unknown}
 i - a scroll of enchant weapon {unknown}
Potions
 e - 2 potions of might {unknown}
 g - a potion of agility {unknown}
Comestibles
 b - 6 rations


   Skills:
 + Level 2.9 Fighting
 - Level 2.4 Dodging
 - Level 1.0 Stealth
 * Level 4.1 Unarmed Combat


You had 2 spell levels left.
You didn't know any spells.
Your spell library was empty.

Dungeon Overview and Level Annotations

Branches:
Dungeon (2/15)

Altars:
Qazlal

Annotations:
D:2 Crazy Yiuf


Innate Abilities, Weirdness & Mutations

You are too large for most types of armour.
You have claws for hands.
Your metabolism is lightning-fast.
You like to eat raw meat.
Your natural rate of healing is unusually fast.
You are covered in fur. (AC +1)
You have extremely tough skin. (AC +3)


Message History

Crazy Yiuf hits you but does no damage.
You barely miss Crazy Yiuf.
Crazy Yiuf is almost dead.
You feel sick.
You barely miss Crazy Yiuf.
Crazy Yiuf is almost dead.
You feel sick.
Crazy Yiuf hits you with a +3 quarterstaff of chaos!
* * * LOW HITPOINT WARNING * * *
You are more poisoned.
You scratch Crazy Yiuf but do no damage.
Crazy Yiuf is almost dead.
You feel sick.
Crazy Yiuf waves his quarterstaff at you.
Crazy Yiuf misses you.
You closely miss Crazy Yiuf.
Crazy Yiuf is almost dead.
You feel sick.
Crazy Yiuf hits you with a +3 quarterstaff of chaos!
You die...

#.# #.# #.#.......##.
####.####### #.#
#.#.#######..
............ #.#
#.#.######...
####.######
###.....#.... #.#
#........._
####.####♣♣♣♣♣
#.....#...[
#.......#..♣.♣♣♣ ####
#.....##...
#.##.#......♣..♣#...#
#.###.###.. #
#......♣♣♣♣♣.@g..#
#.......##. #.....#.♣
♣♣#..)# #..........
#.#####♣♣ ####
#.###.#.##. #. #.#
#.#+##. #. #.# #......
#. ###.# #......
##.##...###......
.................
#######+###..####.....


You could see Crazy Yiuf.

Vanquished Creatures
  An ooze (D:1)
  2 dart slugs
  3 leopard geckos
  2 giant cockroaches (D:1)
  7 goblins
  3 hobgoblins
  4 bats
  4 frilled lizards (D:1)
  4 kobolds
  5 rats (D:1)
35 creatures vanquished.

Notes
Turn   | Place    | Note
-------+----------+-------------------------------------------
     0 | D:1      | Mrkan the Troll Monk began the quest for the Orb.
     0 | D:1      | Reached XP level 1. HP: 22/22 MP: 0/0
    70 | D:1      | Reached XP level 2. HP: 27/29 MP: 1/1
   533 | D:1      | Reached XP level 3. HP: 36/36 MP: 2/2
   661 | D:1      | Reached skill level 4 in Unarmed Combat
   776 | D:2      | Found a stormy altar of Qazlal.
   834 | D:2      | Became a worshipper of Qazlal Stormbringer
   834 | D:2      | Reached * piety under Qazlal
   834 | D:2      | Reached ** piety under Qazlal
   947 | D:2      | Found a runed translucent door.
   948 | D:2      | Noticed Crazy Yiuf
   964 | D:2      | Mangled by Crazy Yiuf

Levels and vault maps discovered:
D:1:      lightli_arrival_maybe_door_vault, layout_loops_ring, st_stairs_6
D:2:      layout_basic, lemuel_round_altar,
          chequers_temple_overflow_statue_of_worship, uniq_crazy_yiuf_cottage,
          uniq_jessica

Skill      XL: |  1  2  3 |
---------------+----------+-----
Unarmed Combat | 4 |  4.1
Fighting       | |  2.9
Dodging        | |  2.4
Stealth        | |  1.0

Action                   || total
-------------------------++-------
Melee: Unarmed           ||    82
       Punch             ||     1
 Stab: Sleeping          ||     2
  Eat: Chunk             ||    14
Armor: Robe              ||    46
Dodge: Dodged            ||    57
Block: Other             ||     1
